 Dungeon Crawl Stone Soup version 0.29-a0-1061-gbc57f8fbdb (webtiles) character file.

Game seed: 5526657115436193101

116054 Plasmagod the Warrior (level 16, 0/151 HPs)
             Began as a Green Draconian Transmuter on Aug 18, 2022.
             Was the Champion of Qazlal.
             Slain by a jumping spider (10 damage)
             ... on level 1 of the Spider Nest.
             The game lasted 02:08:04 (35364 turns).

Plasmagod the Warrior (Green Draconian Transmuter) Turns: 35364, Time: 02:08:05

Health: 0/151      AC: 10    Str: 14    XL:     16   Next: 20%
Magic:  29/39      EV:  6    Int: 19    God:    Qazlal [******]
Gold:   1092       SH:  0    Dex: 13    Spells: 17/35 levels left

rFire   . . .      SeeInvis .     - Unarmed
rCold   + . .      Faith    .   (shield currently unavailable)
rNeg    . . .      Spirit   .   (body armour unavailable)
rPois   +          Reflect  +   (helmet restricted)
rElec   .          Harm     .   f - +2 cloak {rF+}
rCorr   .          Rampage  +   (gloves currently unavailable)
Will    ++++.                   E - +2 pair of boots {rampage}
Stlth   ..........              V - amulet of Tofadej {Reflect Will++ MP+9 SH+5 Stlth-}
HPRegen 0.35/turn               t - ring of ice
MPRegen 0.26/turn               D - ring of willpower

@: blade hands, protected from physical damage, corroded, held, repel missiles
A: breathe noxious fumes, AC +9, unfitting armour, stinger 1, poison resistance,
cold-blooded
a: Breathe Noxious Fumes, End Transformation, Renounce Religion, Upheaval,
Elemental Force, Disaster Area


You were on level 1 of the Spider Nest.
You worshipped Qazlal.
Qazlal was exalted by your worship.
You had blades for hands.
You visited 6 branches of the dungeon, and saw 25 of its levels.
You also visited: Bailey, Ice Cave and Volcano.

You collected 2599 gold pieces.
You spent 1507 gold pieces at shops.

Inventory:

Missiles
 y - 3 atropa-tipped darts
 R - a throwing net
Armour
 f - a +2 cloak of fire resistance (worn)
 E - a +2 pair of boots of rampaging (worn)
 U - a +2 pair of gloves (melded)
Jewellery
 t - a ring of ice (left blade hand)
 w - a ring of resist corrosion
 D - a ring of willpower (right blade hand)
 F - an amulet of the acrobat
 L - a ring of see invisible
 N - a ring of positive energy
 P - an amulet of regeneration
 V - the amulet of Tofadej (around neck) {Reflect Will++ MP+9 SH+5 Stlth-}
   (You bought it in a shop on level 2 of the Orcish Mines)

   [amulet of reflection]

   It reflects blocked missile attacks.
   MP:        It affects your magic capacity (+9).
   SH:        It affects your SH (+5).
   Will:      It greatly increases your willpower.
   Stlth:     It makes you less stealthy.
Wands
 p - a wand of paralysis (16)
 z - a wand of polymorph (23)
 B - a wand of flame (32)
 G - a wand of acid (9)
 H - a wand of iceblast (8)
 W - a wand of digging (8)
Scrolls
 d - 8 scrolls of teleportation
 g - 4 scrolls of identify
 i - a scroll of silence
 j - 2 scrolls of magic mapping
 l - 2 scrolls of torment
 m - 3 scrolls of poison
 o - 2 scrolls of summoning
 r - 4 scrolls of fog
 s - 3 scrolls of immolation
 v - 2 scrolls of blinking
 A - 7 scrolls of fear
 C - 4 scrolls of enchant armour
 I - 4 scrolls of enchant weapon
 K - 2 scrolls of amnesia
 S - a scroll of vulnerability
 T - a scroll of brand weapon
Potions
 a - 4 potions of lignification
 b - 5 potions of mutation
 c - 8 potions of ambrosia
 e - 5 potions of heal wounds
 h - 5 potions of haste
 k - 7 potions of attraction
 n - 6 potions of curing
 q - 2 potions of berserk rage
 u - 7 potions of flight
 x - a potion of magic
 J - 5 potions of brilliance
 M - 4 potions of cancellation
 O - 3 potions of resistance
 Q - 3 potions of might


   Skills:
 - Level 16.0 Fighting
 - Level 1.7 Dodging
 - Level 11.0 Unarmed Combat
 - Level 10.0 Spellcasting
 + Level 11.8 Transmutations
 - Level 2.9 Ice Magic
 - Level 10.0 Earth Magic
 - Level 10.0 Poison Magic
 - Level 14.0 Invocations


You had 17 spell levels left.
You knew the following spells:

 Your Spells              Type           Power      Damage    Failure   Level
a - Beastly Appendage     Tmut           100%       N/A       6%          1
b - Wereblood             Tmut           53%        N/A       7%          2
c - Blade Hands           Tmut           26%        N/A       19%         5
d - Ice Form              Ice/Tmut       54%        N/A       28%         4
e - Statue Form           Tmut/Erth      33%        N/A       52%         6

Your spell library contained the following spells:

 Spells                   Type           Power      Damage    Failure   Level
 Sting                    Tmut/Pois      100%       1d8       7%          1
 Spider Form              Tmut/Pois      50%        N/A       10%         3
 Poisonous Vapours        Pois/Air       56%        N/A       17%         2
 Olgreb's Toxic Radiance  Pois           47%        N/A       17%         4
 Lee's Rapid Deconstruct  Erth           23%        3d14*     26%         5
 Ozocubu's Armour         Ice            31%        N/A       38%         3
 Apportation              Tloc           18%        N/A       41%         1
 Necrotise                Necr           36%        1d5       41%         1
 Summon Small Mammal      Summ           36%        N/A       41%         1
 Leda's Liquefaction      Hex/Erth       14%        N/A       45%         4
 Scorch                   Fire           18%        2d6       47%         2
 Static Discharge         Conj/Air       9%         3-5/arc   47%         2
 Corpse Rot               Necr/Pois/Air  22%        N/A       61%         4
 Irradiate                Conj/Tmut      15%        3d16      61%         5
 Conjure Flame            Conj/Fire      9%         6-21      65%         3
 Dazzling Flash           Conj/Hex       18%        N/A       65%         3
 Inner Flame              Hex/Fire       9%         N/A       65%         3
 Portal Projectile        Hex/Tloc       18%        N/A       65%         3
 Tukima's Dance           Hex            9%         N/A       65%         3
 Vampiric Draining        Necr           9%         2d6       65%         3
 Dragon Form              Tmut           26%        N/A       83%         7
 Anguish                  Hex/Necr       4%         N/A       91%         4
 Metabolic Englaciation   Hex/Ice        11%        N/A       97%         5
 Agony                    Necr           9%         N/A       99%         5
 Lightning Bolt           Conj/Air       4%         1d16      99%         5
 Silence                  Hex/Air        4%         N/A       99%         5
 Simulacrum               Ice/Necr       11%        N/A       100%        6
 Discord                  Hex            4%         N/A       100%        8
 Maxwell's Capacitive Co  Air            4%         ∞         100%        8


Dungeon Overview and Level Annotations

Branches:
Dungeon (15/15)            Temple (1/1) D:4            Lair (5/5) D:9
  Swamp (0/4) Lair:2       Spider (1/4) Lair:2        Slime (0/5) Lair:5
    Orc (2/2) D:9             Elf (1/3) Orc:2        Vaults (0/5) D:13
 Depths (0/4) D:15         Bailey (visited)           IceCv (visited)
Volcano (visited)

Altars:
Ashenzari
Cheibriados
Dithmenos
Elyvilon
Fedhas
Gozag
Hepliaklqana
Kikubaaqudgha
Makhleb
Nemelex Xobeh
Okawaru
Qazlal
Ru
Sif Muna
Trog
Uskayaw
Vehumet
Wu Jian
Xom
Yredelemnul
Zin
The Shining One
Jiyva
Lugonu

Shops:
D:5 ::*!   Orc:2 [([=

Portals:
Abyss: Lair:5

Annotations:
Lair:5 3 runed translucent doors, demivan's ghost, journeyman GrBe
Elf:1 Frances


Innate Abilities, Weirdness & Mutations

You have blades for hands.
Your spellcasting is less reliable in this form.
You are incapable of wielding weapons or throwing items.
You can breathe blasts of noxious fumes.
Your lurid green scales are hard. (AC +9)
You cannot fit into any form of body armour.
Your tail ends in a venomous barb.
Your system is resistant to poisons. (rPois)
You are cold-blooded and may be slowed by cold attacks.


Message History

You hear a faint skittering sound.
The jumping spider leaps!
You block the steelbarb worm's attack.
You slice the steelbarb worm!!
The steelbarb worm is almost dead.
You hear a skittering sound.
You hear a faint skittering sound.
The steelbarb worm hits you!!
* * * LOW HITPOINT WARNING * * *
Barbed spikes become lodged in your body.
You slice the steelbarb worm!!
You kill the steelbarb worm!
Qazlal accepts your kill.
You start resting.
You hear a skittering sound.
A jumping spider is nearby!
The jumping spider leaps!
The jumping spider leaps!
You hear a faint skittering sound.
You carefully extract the barbed spikes from your body.
The jumping spider leaps!
You block the jumping spider's attack. x2
You barely miss the jumping spider.
The jumping spider is moderately wounded.
You hear a faint skittering sound.
The jumping spider pounces on you.
* * * LOW HITPOINT WARNING * * *
You block the jumping spider's attack.
You slash the jumping spider!
You tail-slap the jumping spider, but do no damage.
The jumping spider is almost dead.
You hear a faint skittering sound.
The jumping spider pounces on you.
* * * LOW HITPOINT WARNING * * *
You are caught in a web!
The jumping spider bites you but does no damage.
You struggle to detach yourself from the web.
Your protection from physical attacks is fading.
You hear a faint skittering sound.
The jumping spider pounces on you but does no damage.
The jumping spider bites you but does no damage.
The jumping spider pounces on you!
You die...

.........##.#...#..
#..##.##..)#..†.†...
##.. # #..^........#
##>..#
#####.....##### #....
##.#.........^#
#....##......#...^.##
.#^○^.....##..####
##.#°...##..#....
##.†#@####...#....#
#..○s## #..####.##
#..○## ##.# ##
#....#..# ### #...#
...# #?.^°. #..#
.$..# ...# ..#. .###
# . #


You could see a jumping spider.

Vanquished Creatures
  Asterion (Spider:1)
  Kirke (D:15)
  A tengu reaver (D:13)
  A stone giant (D:15)
  An entropy weaver (Spider:1)
  The ghost of Lycake the Fighter, a journeyman MiFi of Yredelemnul (D:13)
  7 hydras
  The ghost of Deankoak the Basher, a journeyman DrCK of Xom (Lair:4)
  A catoblepas (D:13)
  An ogre mage (Orc:2)
  5 boulder beetles
  4 vault guards (D:13)
  Erolcha (D:9)
  10 centaur warriors
  8 two-headed ogres
  4 thrashing horrors (Lair:5)
  4 tengu warriors
  A deep troll earth mage (D:13)
  Urug (D:13)
  A hell hog (Volcano)
  A sea snake (shapeshifter) (D:10)
  2 deep trolls (D:15)
  A skeletal warrior (D:13)
  2 steelbarb worms (Spider:1)
  5 wizards
  A steelbarb worm (shapeshifter) (D:13)
  A deep elf archer (D:13)
  2 large abominations (Lair:5)
  2 deep elf zephyrmancers (Elf:1)
  5 orc knights
  10 deep elf pyromancers
  5 cyclopes
  2 orc sorcerers
  A wolf spider (Spider:1)
  13 ugly things
  2 salamanders (Volcano)
  4 manticores
  4 smoke demons (Lair:5)
  11 elephants (Lair:3)
  4 black mambas
  2 torpor snails (Lair:4)
  Maurice (Orc:2)
  12 cane toads
  3 gargoyles
  An unseen horror (D:11)
  Maggie (D:9)
  2 kobold demonologists (D:11)
  3 rime drakes
  2 efreet
  3 komodo dragons
  A rime drake (shapeshifter) (D:15)
  3 ancient zymes (Lair:5)
  A tengu conjurer (D:15)
  8 trolls
  A queen bee (D:13)
  A hornet (shapeshifter) (D:14)
  3 meliai (D:13)
  4 tarantellas
  28 blink frogs
  3 slime creatures (D:13)
  A jumping spider (Lair:2)
  A spriggan (Lair:5)
  2 vampires
  4 culicivoras (Spider:1)
  A spriggan (shapeshifter) (D:15)
  34 yaks
  A yak (shapeshifter) (D:12)
  3 ynoxinuls (Lair:5)
  2 humans (D:15)
  6 wyverns
  2 fire bats (Volcano)
  A basilisk (shapeshifter) (D:13)
  A steam dragon (D:7)
  7 basilisks
  17 vampire mosquitoes
  A fire elemental (D:12)
  15 redbacks
  4 wargs
  An acid dragon (D:13)
  2 swamp worms (Lair:2)
  Duvessa (D:7)
  17 water moccasins
  2 ice beasts
  37 orc warriors
  2 sky beasts (D:7)
  A black bear (D:8)
  6 wolves
  4 boggarts (D:15)
  12 ogres
  17 centaurs
  3 kobold brigands
  11 bullfrogs
  4 necrophages
  4 gnoll sergeants (D:9)
  5 scorpions
  7 wights
  Dowan (D:7)
  The ghost of Lycake the Trooper, a weakling MiFi (D:3)
  49 killer bees
  4 howler monkeys
  6 hounds
  15 jellies
  A gnoll bouda (D:6)
  18 orc priests
  Jessica (D:2)
  6 iguanas
  23 orc wizards
  9 small abominations (Lair:5)
  2 wolf simulacra (IceCv)
  Robin (D:2)
  10 adders
  12 gnolls
  2 white imps
  2 worms
  2 dart slugs
  118 orcs
  5 ball pythons
  4 bats
  7 endoplasms
  2 giant cockroaches (D:1)
  6 hobgoblins
  A jackal (D:3)
  2 quokkas
  5 frilled lizards
  6 goblins
  19 kobolds
  25 rats
820 creatures vanquished.

Vanquished Creatures (collateral kills)
  An orc knight (Orc:2)
  7 orc warriors (Orc:2)
  A killer bee (D:8)
  2 orc priests (Orc:2)
  An orc wizard (Orc:2)
  3 orcs (Orc:2)
15 creatures vanquished.

Vanquished Creatures (others)
  A wizard (D:15)
  2 centaurs
  11 fungi
  24 plants
38 creatures vanquished.

Grand Total: 873 creatures vanquished

Notes
Turn   | Place    | Note
-------+----------+-------------------------------------------
     0 | D:1      | Plasmagod the Draconian Transmuter began the quest for the
                  | Orb.
     0 | D:1      | Reached XP level 1. HP: 16/16 MP: 3/3
   226 | D:1      | Found a faded altar of an unknown god.
   424 | D:1      | Reached XP level 2. HP: 23/23 MP: 3/5
  1213 | D:2      | Reached XP level 3. HP: 11/28 MP: 6/6
  2357 | D:2      | Reached skill level 5 in Unarmed Combat
  2357 | D:2      | Reached XP level 4. HP: 32/35 MP: 5/7
  2615 | D:2      | Noticed Robin
  2849 | D:2      | Killed Robin
  3113 | D:2      | Learned a level 2 spell: Wereblood
  3309 | D:2      | Noticed Jessica
  3314 | D:2      | Reached XP level 5. HP: 40/40 MP: 4/8
  3319 | D:2      | Killed Jessica
  3741 | D:3      | Found a runed translucent door.
  3770 | D:3      | Noticed Lycake's ghost (weakling MiFi)
  3912 | D:3      | Identified the +1 scale mail "Xoluq" {Int+4}
  4416 | D:4      | Reached XP level 6. HP: 40/47 MP: 9/9
  4625 | D:4      | Found a staircase to the Ecumenical Temple.
  4634 | Temple   | Entered the Ecumenical Temple
  5191 | D:5      | Entered Level 5 of the Dungeon
  5490 | D:5      | Your scales start taking on a lurid green colour.
  5490 | D:5      | Reached XP level 7. HP: 46/52 MP: 6/10
  5490 | D:5      | Gained mutation: Your system is resistant to poisons.
                  | (rPois) [Green Draconian growth]
  5712 | D:5      | Found an opulent altar of Gozag.
  5851 | D:5      | Found Niwextau's General Store.
  5852 | D:5      | Found Tagem's Book Emporium.
  5852 | D:5      | Found Xoggyf's Distillery.
  5852 | D:5      | Found Huuca's Book Emporium.
  6256 | D:5      | Reached XP level 8. HP: 27/59 MP: 6/11
  6565 | D:5      | Reached skill level 10 in Unarmed Combat
  7021 | D:6      | Identified the +4 pair of gloves of the Orb Guardian {rF++
                  | Str+2}
  7035 | D:6      | Found a stormy altar of Qazlal.
  7056 | D:6      | Became a worshipper of Qazlal Stormbringer
  7364 | D:6      | Reached skill level 5 in Transmutations
  7647 | D:6      | Reached XP level 9. HP: 59/64 MP: 9/12
  7887 | D:7      | Noticed Duvessa
  7887 | D:7      | Noticed Dowan
  7904 | D:7      | Killed Duvessa
  7913 | D:7      | Killed Dowan
  7978 | D:7      | Noticed a two-headed ogre
  8418 | D:7      | Reached * piety under Qazlal
  8997 | D:7      | Killed a two-headed ogre
  9326 | D:7      | Noticed a komodo dragon
  9343 | D:7      | Killed a komodo dragon
  9344 | D:7      | Reached skill level 10 in Transmutations
  9344 | D:7      | Reached XP level 10. HP: 71/71 MP: 12/14
  9376 | D:7      | Identified the +2 robe "Waleyrez" {Contam rElec Regen+
                  | Dex-4}
  9866 | D:8      | Found a broken altar of Ashenzari.
 10327 | D:8      | Found a runed translucent door.
 10899 | D:3      | Killed Lycake's ghost
 10900 | D:3      | Reached skill level 5 in Spellcasting
 11120 | D:9      | Reached ** piety under Qazlal
 11429 | D:9      | Noticed Erolcha
 11503 | D:9      | Noticed Maggie
 11531 | D:9      | Killed Maggie
 11863 | D:9      | Learned a level 5 spell: Blade Hands
 11947 | D:9      | Killed Erolcha
 12284 | D:9      | Found a staircase to the Lair.
 12646 | D:9      | Found a staircase to the Orcish Mines.
 12664 | D:9      | Reached XP level 11. HP: 62/77 MP: 21/23
 13032 | D:10     | Entered Level 10 of the Dungeon
 13123 | D:10     | Reached *** piety under Qazlal
 13625 | D:10     | Found a flagged portal.
 13634 | Bailey   | Entered a bailey
 13950 | Bailey   | Reached skill level 10 in Spellcasting
 14107 | Bailey   | Reached skill level 2 in Fighting
 14132 | Bailey   | Noticed an orc knight
 14140 | Bailey   | Killed an orc knight
 14141 | Bailey   | Reached skill level 3 in Fighting
 14142 | Bailey   | Identified the +7 triple crossbow of Honour {freeze, rF+}
 14307 | D:10     | Noticed a centaur warrior
 14313 | D:10     | Noticed a centaur warrior
 14316 | D:10     | Noticed a centaur warrior
 14317 | D:10     | Killed a centaur warrior
 14318 | D:10     | Reached skill level 4 in Fighting
 14320 | D:10     | Noticed a four-headed hydra
 14324 | D:10     | Killed a centaur warrior
 14325 | D:10     | Reached skill level 5 in Fighting
 14325 | D:10     | Noticed a deep elf pyromancer
 14604 | D:10     | Found a bloodstained altar of Trog.
 14748 | D:10     | Found an iron altar of Okawaru.
 14955 | D:10     | Killed a deep elf pyromancer
 14956 | D:10     | Reached skill level 6 in Fighting
 15068 | Lair:1   | Entered Level 1 of the Lair of Beasts
 15079 | Lair:1   | Learned a level 4 spell: Ice Form
 15144 | Lair:1   | Reached skill level 1 in Ice Magic
 15236 | Lair:1   | Reached skill level 7 in Fighting
 15419 | Lair:1   | Found a frozen archway.
 15426 | IceCv    | Entered an ice cave
 15426 | IceCv    | Noticed a white ugly thing
 15851 | Lair:1   | Reached skill level 8 in Fighting
 16029 | Lair:1   | Reached **** piety under Qazlal
 16081 | Lair:1   | Reached XP level 12. HP: 103/103 MP: 20/26
 16293 | Lair:1   | Reached skill level 9 in Fighting
 16729 | Lair:1   | Noticed a five-headed hydra
 16745 | Lair:1   | Killed a five-headed hydra
 16746 | Lair:1   | Reached skill level 10 in Fighting
 17265 | Lair:2   | Noticed a seven-headed hydra
 17342 | Lair:2   | Found a hole to the Spider Nest.
 17922 | Lair:2   | Noticed a seven-headed hydra
 17926 | Lair:2   | Noticed a four-headed hydra
 17928 | Lair:2   | Killed a seven-headed hydra
 17929 | Lair:2   | Reached skill level 11 in Fighting
 17933 | Lair:2   | Killed a seven-headed hydra
 18726 | Lair:2   | Killed a four-headed hydra
 18727 | Lair:2   | Reached skill level 12 in Fighting
 18738 | Lair:2   | Found a staircase to the Swamp.
 18907 | Lair:3   | Reached skill level 13 in Fighting
 18957 | Lair:3   | Reached skill level 14 in Fighting
 19466 | Lair:3   | Reached XP level 13. HP: 125/125 MP: 22/27
 19593 | Lair:3   | Reached ***** piety under Qazlal
 20405 | Lair:4   | Found a runed translucent door.
 20410 | Lair:4   | Noticed Deankoak's ghost (journeyman DrCK)
 20423 | Lair:4   | Killed Deankoak's ghost
 20424 | Lair:4   | Reached skill level 15 in Fighting
 20650 | Lair:5   | Entered Level 5 of the Lair of Beasts
 21075 | Lair:4   | HP: 5/153 [cane toad (20)]
 21594 | Lair:4   | Reached skill level 16 in Fighting
 21600 | Lair:4   | Reached skill level 1 in Invocations
 22071 | Lair:5   | Reached skill level 5 in Invocations
 22406 | Lair:5   | Found a staircase to the Slime Pits.
 23351 | Lair:5   | Gained mutation: Your tail ends in a venomous barb. [Green
                  | Draconian growth]
 23351 | Lair:5   | Reached XP level 14. HP: 130/137 MP: 23/28
 23393 | Lair:5   | Reached skill level 10 in Invocations
 23441 | Lair:5   | Found a corrupted altar of Lugonu.
 23441 | Lair:5   | Found a one-way gate to the infinite horrors of the Abyss.
 23655 | Lair:5   | Found a runed translucent gate.
 23655 | Lair:5   | Found a runed translucent gate.
 23655 | Lair:5   | Found a runed translucent gate.
 23655 | Lair:5   | Noticed an acid blob
 23656 | Lair:5   | Noticed an azure jelly
 23657 | Lair:5   | Noticed a quicksilver ooze
 23658 | Lair:5   | Noticed an acid blob
 23661 | Lair:5   | Found a viscous altar of Jiyva.
 23661 | Lair:5   | Noticed an acid blob
 23661 | Lair:5   | Noticed an acid blob
 23661 | Lair:5   | Noticed an azure jelly
 23661 | Lair:5   | Noticed an azure jelly
 23661 | Lair:5   | Noticed demivan's ghost (journeyman GrBe)
 23661 | Lair:5   | Noticed an azure jelly
 23661 | Lair:5   | Noticed an acid blob
 23662 | Lair:5   | Noticed an acid blob
 23662 | Lair:5   | Noticed an azure jelly
 23662 | Lair:5   | Noticed an azure jelly
 23706 | Lair:5   | Identified the +5 rapier "Ehoepn" {speed, Will+}
 24565 | D:5      | Bought a book of Transfigurations for 480 gold pieces
 24729 | Orc:1    | Entered Level 1 of the Orcish Mines
 24738 | Orc:1    | Reached ****** piety under Qazlal
 24907 | Orc:2    | Entered Level 2 of the Orcish Mines
 24992 | Orc:2    | Noticed Maurice
 24999 | Orc:2    | Killed Maurice
 25002 | Orc:2    | Found a radiant altar of Vehumet.
 25490 | Orc:2    | Found a staircase to the Elven Halls.
 25536 | Orc:2    | Found a dark tunnel.
 25546 | Volcano  | Entered a volcano
 26355 | Orc:2    | Found Maomekam's Antique Armour Boutique.
 26355 | Orc:2    | Found Rissocw's Weapon Shoppe.
 26357 | Orc:2    | Found Jasifypreb's Antique Armour Emporium.
 26359 | Orc:2    | Found Kilaew's Jewellery Shop.
 26382 | Orc:2    | Bought the amulet of Tofadej {Reflect Will++ MP+9 SH+5
                  | Stlth-} for 1027 gold pieces
 27559 | Elf:1    | Entered Level 1 of the Elven Halls
 27571 | Elf:1    | Noticed Frances
 28105 | D:10     | Reached skill level 1 in Poison Magic
 28688 | D:11     | Reached skill level 5 in Poison Magic
 29662 | D:12     | Reached XP level 15. HP: 144/144 MP: 29/29
 29697 | D:12     | Got the Tome of the Spellbinding Coals
 29699 | D:12     | Got the Almanac of the Sneaky Bounties
 30004 | D:12     | Found a bloodstained altar of Trog.
 30660 | D:13     | Found a large runed translucent door.
 30660 | D:13     | Found a large runed translucent door.
 30675 | D:13     | Noticed Lycake's ghost (journeyman MiFi)
 30885 | D:13     | Reached skill level 10 in Poison Magic
 30885 | D:13     | Reached skill level 1 in Earth Magic
 30918 | D:13     | Noticed a tengu reaver
 30931 | D:13     | Killed a tengu reaver
 31291 | D:13     | Reached skill level 5 in Earth Magic
 31311 | D:13     | Noticed Urug
 31319 | D:13     | Killed Urug
 31884 | D:13     | Found a gate to the Vaults.
 32343 | D:13     | Killed Lycake's ghost
 32641 | D:13     | Found a glowing silver altar of Zin.
 33570 | D:15     | Entered Level 15 of the Dungeon
 33744 | D:15     | Found an ancient bone altar of Kikubaaqudgha.
 33831 | D:15     | Found a staircase to the Depths.
 34028 | D:15     | Reached skill level 10 in Earth Magic
 34291 | D:15     | Noticed Kirke
 34299 | D:15     | Reached XP level 16. HP: 147/151 MP: 30/30
 34302 | D:15     | Killed Kirke
 34832 | D:15     | Learned a level 6 spell: Statue Form
 35055 | Spider:1 | Entered Level 1 of the Spider Nest
 35253 | Spider:1 | Noticed Asterion
 35264 | Spider:1 | Killed Asterion
 35364 | Spider:1 | Slain by a jumping spider

Illustrated notes

Levels and vault maps discovered:
D:1:      mrwooster_arrival_statue_3, layout_basic,
          shapermc_ecumenical_altar_mp_ritualfount
D:2:      layout_loops_ring, minmay_rat_hole, uniq_jessica, uniq_robin
D:3:      layout_rooms, ebering_ghost_reflecting_pool, hangedman_decor_push,
          minmay_close_crescents
D:4:      layout_loops_ring, minmay_temple_entry_large_hall
D:5:      layout_loops_ring, overflow_temple_1_default, st_stairs_1,
          minmay_shop_grid_forest
D:6:      layout_loops_cross, grunt_qazlal_clouds, supply_closet_lemuel
D:7:      minmay_chambers_of_sixes, layout_cave_pods, grunt_decor_arrowhead,
          uniq_duvessa
D:8:      layout_gridville, cheibrodos_ashenzari_chains, lightli_church_of_beogh
D:9:      layout_loops_ring, dpeg_oklobed_lair,
          kennysheep_orc_monster_closet_entryway, uniq_erolcha, uniq_maggie
D:10:     minmay_the_grid_triangle_9x9_recursive_2
          [minmay_the_grid_triangle_9x9_prize_top_heavy,
          minmay_the_grid_triangle_9x9_thin_v,
          minmay_the_grid_triangle_9x9_swiss_cheese,
          minmay_the_grid_triangle_9x9_zippers_horizontal], layout_basic,
          mainiacjoe_overflow_alcove_2, kennysheep_little_box, enter_bailey_1
D:11:     layout_stronghold
D:12:     cheibrodos_lost_city_excavation, layout_small_grid, tgw_trog
D:13:     regret_index_bee_streams, layout_basic, grunt_vaults_entry_fortified,
          ebering_ghost_disaster_area, zin_angel, uniq_urug
D:14:     layout_long_grid, serial_bayou_pond_d
D:15:     hangedman_depths_entry_civil_slaughter, layout_stronghold,
          kiku_gazebo_pond_becter, uniq_kirke
Temple:   minmay_temple_bridge_d
Lair:1:   cheibrodos_lair_river_kwai, layout_cave_pods, portal_ice_cave_rime
Lair:2:   layout_chaotic_city, palyth_hydra_swamp_entry,
          spider_nest_entry_funnel_web
Lair:3:   layout_gridlike
Lair:4:   layout_hall_layers, ebering_ghost_reflecting_pool
Lair:5:   hellmonk_lair_end_abyssal_woods, layout_misc_corridors,
          minmay_slime_entry_jelly_boxes, serial_forest,
          infiniplex_forest_end_2, infiniplex_forest_end_2,
          infiniplex_forest_straight_1, infiniplex_forest_end_3,
          infiniplex_forest_lined_ring, infiniplex_forest_straight_1,
          infiniplex_forest_clump_small, gammafunk_ghost_ooze,
          serial_bayou_shore_b
Spider:1: layout_spider_delve, nicolae_spider_rock_and_or_roll, uniq_asterion
Orc:1:    layout_caves
Orc:2:    st_orc_rangers, layout_diamond_mine, basic_altar,
          lightli_volcano_entry_magma_tube, minmay_orc_temple_a, uniq_maurice
Elf:1:    nicolae_elf_arrival_fired_up, layout_loops_corners, serial_shops,
          nicolae_shop_advertising_works [nicolae_subvault_shop_adworks],
          hangedman_elf_disciples, uniq_frances

Skill      XL: |  1  2  3  4  5  6  7  8  9 10 11 12 13 14 15 16 |
---------------+-------------------------------------------------+-----
Unarmed Combat | 4 5 6 8 9 11 | 11.0
Transmutations | 5 10 11 | 11.8
Spellcasting   | 8 10 | 10.0
Fighting       | 8 14 16 | 16.0
Ice Magic      | 2 |  2.9
Invocations    | 9 14 | 14.0
Poison Magic   | 7 10 | 10.0
Earth Magic    | 10 | 10.0
Dodging        | |  1.7

Action                   |  1- 3 |  4- 6 |  7- 9 | 10-12 | 13-15 | 16-18 || total
-------------------------+-------+-------+-------+-------+-------+-------++-------
Melee: Unarmed           |    71 |   240 |   260 |   473 |   908 |    78 ||  2030
       Kick              |    19 |    39 |    78 |    33 |       |       ||   169
       Headbutt          |     9 |    27 |    55 |    17 |       |       ||   108
       Tailslap          |    11 |    25 |    42 |    70 |   146 |    19 ||   313
       Punch             |     1 |     3 |    14 |    30 |    59 |     8 ||   115
 Cast: Beastly Appendage |    25 |    39 |    41 |    16 |     1 |       ||   122
       Wereblood         |       |     1 |     6 |    10 |    30 |     2 ||    49
       Blade Hands       |       |       |       |    52 |    89 |     6 ||   147
       Ice Form          |       |       |       |     4 |     6 |       ||    10
Invok: Upheaval          |       |       |       |       |     5 |     3 ||     8
       Elemental Force   |       |       |       |       |     1 |       ||     1
 Abil: Breathe Noxious F |       |       |    11 |    16 |    16 |     2 ||    45
       End Transformatio |       |       |       |     2 |     1 |       ||     3
  Use: Scroll            |       |       |     1 |    21 |    14 |       ||    36
       Potion            |       |       |     1 |     5 |     4 |     1 ||    11
 Stab: Sleeping          |       |     2 |       |       |       |       ||     2
       Confused          |       |       |     8 |    12 |     3 |     2 ||    25
       Paralysed         |       |       |       |       |     1 |       ||     1
       Petrified         |       |       |       |       |     2 |       ||     2
Armor: Skin              |    17 |    67 |    79 |   145 |   291 |    53 ||   652
Dodge: Dodged            |    58 |   115 |   106 |   235 |   416 |    45 ||   975
       Repelled          |       |       |       |       |     4 |       ||     4
Block: Other             |       |       |     1 |   217 |   585 |    63 ||   866
       Reflection        |       |       |       |    17 |    38 |       ||    55

Table legend: (Time is in decaauts)
 A = Elapsed time spent in this place.
 B = Non-inter-level travel time spent in this place.
 C = Inter-level travel time spent in this place.
 D = Time resting spent in this place.
 E = Time spent auto-exploring this place.
 F = Levels seen in this place.
 G = Mean time per level.
                   A        B        C        D        E       F      G
               +--------+--------+--------+--------+--------+-----+--------+
         Total |  35049 |  32969 |   2080 |   7726 |  19683 |  28 | 1251.8 |
       Dungeon |  21740 |  20263 |   1477 |   3395 |  13472 |  15 | 1449.3 |
        Temple |    178 |     85 |     93 |      0 |     59 |   1 |  178.0 |
          Lair |   9311 |   9034 |    277 |   3138 |   4770 |   5 | 1862.2 |
   Spider Nest |    114 |    114 |      0 |      2 |     37 |   1 |  114.0 |
  Orcish Mines |   2398 |   2165 |    233 |    605 |   1092 |   2 | 1199.0 |
   Elven Halls |     19 |     19 |      0 |      0 |      0 |   1 |   19.0 |
        Bailey |    510 |    510 |      0 |    258 |      0 |   1 |  510.0 |
      Ice Cave |      7 |      7 |      0 |      0 |      0 |   1 |    7.0 |
       Volcano |    770 |    770 |      0 |    328 |    253 |   1 |  770.0 |
               +--------+--------+--------+--------+--------+-----+--------+

Top non-repeatable levels by time:
     D:1: 2329 daAuts
  Lair:1: 2245 daAuts
  Lair:2: 2110 daAuts
     D:9: 1931 daAuts
   Orc:2: 1901 daAuts
     D:8: 1885 daAuts
  Lair:5: 1877 daAuts
  Lair:4: 1857 daAuts
    D:10: 1849 daAuts
    D:13: 1802 daAuts
     D:7: 1626 daAuts
     D:5: 1566 daAuts
    D:12: 1476 daAuts
     D:6: 1260 daAuts
  Lair:3: 1220 daAuts
